 Dungeon Crawl Stone Soup version 0.31.0-11-ge490571c62 (webtiles) character file.

Game seed: 922050410961834077

27 JustSomeDude the Sneak (level 2, 0/14 HPs)
             Began as a Spriggan Brigand on Feb 5, 2024.
             Slain by a ribbon worm (7 damage)
             ... on level 2 of the Dungeon.
             The game lasted 00:01:04 (842 turns).

JustSomeDude the Sneak (Spriggan Brigand)            Turns: 842, Time: 00:01:04

Health: 0/14       AC:  3    Str:  7    XL:     2   Next: 93%
Magic:  3/3        EV: 16    Int: 12    God:
Gold:   58         SH:  0    Dex: 16    Spells: 1/1 levels left

rFire   . . .        a - +2 dagger
rCold   . . .        (no shield)
rNeg    . . .        b - +0 robe
rPois   .            (helmet restricted)
rElec   .            c - +0 cloak
rCorr   .            (gloves unavailable)
SInv    +            (boots unavailable)
Will    .....        (no amulet)
Stlth   ++++         (no ring)
HPRegen 0.22/turn    (no ring)
MPRegen 0.08/turn

%: no passive effects
@: very quick
A: very small, no large weapons, unfitting armour, see invisible, speed 3
a: no special abilities


You were on level 2 of the Dungeon.
You visited 1 branch of the dungeon, and saw 2 of its levels.

You collected 58 gold pieces.

Inventory:

Hand Weapons
 a - a +2 dagger (weapon)
Missiles
 d - 7 poisoned darts (quivered)
 e - 6 curare-tipped darts
Armour
 b - a +0 robe (worn)
 c - a +0 cloak (worn)
Scrolls
 f - 2 scrolls of identify {unknown}
 g - a scroll of silence {unknown}
 h - 3 scrolls of fog {unknown}
 i - a scroll of teleportation {unknown}
 j - a scroll of summoning {unknown}
 k - a scroll of brand weapon {unknown}


   Skills:
 + Level 1.5 Fighting
 + Level 2.5 Short Blades
 + Level 2.2 Throwing
 + Level 1.3 Dodging
 + Level 6.9 Stealth


You had one spell level left.
You didn't know any spells.
Your spell library was empty.

Dungeon Overview and Level Annotations

Branches:
Dungeon (2/15)

Altars:


Innate Abilities, Weirdness & Mutations

You are very small and have problems with some larger weapons.
You are too small for most types of armour.
You have supernaturally acute eyesight. (SInv)
You cover ground extremely quickly. (Speed+++)


Message History

You hit the ribbon worm but do no damage.
The ribbon worm is moderately wounded.
The ribbon worm closely misses you.
You hit the ribbon worm.
The ribbon worm is moderately wounded.
The ribbon worm expels a string of sticky webbing.
The stream of webbing hits you but does no damage.
You are caught in a web!
The web tears apart.
The ribbon worm expels a string of sticky webbing.
The stream of webbing hits you but does no damage.
You are caught in a web!
The web tears apart.
You hit the ribbon worm.
The ribbon worm is heavily wounded.
The ribbon worm bites you.
You hit the ribbon worm but do no damage.
The ribbon worm is moderately wounded.
The ribbon worm barely misses you.
You hit the ribbon worm.
The ribbon worm is heavily wounded.
You hit the ribbon worm.
The ribbon worm is severely wounded.
The ribbon worm closely misses you.
You hit the ribbon worm.
The ribbon worm is severely wounded.
The ribbon worm bites you.
You hit the ribbon worm.
The ribbon worm is severely wounded.
You hit the ribbon worm.
The ribbon worm is almost dead.
The ribbon worm expels a string of sticky webbing.
The stream of webbing hits you but does no damage.
You are caught in a web!
The web tears apart.
The ribbon worm misses you.
You hit the ribbon worm.
The ribbon worm is almost dead.
The ribbon worm bites you!
Ouch! That really hurt!
You die...

#########
#<).....#
########...#
#......'...#
###.######...#
#.....# #...#
#.....# #####
#.....#
#...@w#
#.........#
#......(..#
#?........#
#.........#
#.........#
###+#######


You could see a ribbon worm (catching breath).

Vanquished Creatures
  2 dart slugs (D:1)
  2 bats (D:1)
  An endoplasm (D:1)
  4 goblins (D:1)
  A hobgoblin (D:1)
  2 jackals (D:1)
  3 kobolds (D:1)
  A quokka (D:1)
  2 ball pythons (D:1)
  A frilled lizard (D:1)
  A rat (D:1)
20 creatures vanquished.

Notes
Turn   | Place    | Note
-------+----------+-------------------------------------------
     0 | D:1      | JustSomeDude the Spriggan Brigand began the quest for the
                  | Orb.
     0 | D:1      | Reached XP level 1. HP: 10/10 MP: 2/2
   108 | D:1      | Reached skill level 6 in Stealth
   167 | D:1      | Reached XP level 2. HP: 14/14 MP: 3/3
   842 | D:2      | Slain by a ribbon worm

Illustrated notes

Levels and vault maps discovered:
D:1:      spicycebolla_arrival_xxxplode, layout_basic
D:2:      layout_basic, hangedman_feature_mirror

Skill      XL: |  1 |
---------------+----+-----
Stealth        | 6 |  6.9
Fighting       | |  1.5
Short Blades   | |  2.5
Throwing       | |  2.2
Dodging        | |  1.3

Action                     || total
---------------------------++-------
  Melee: Dagger            ||    86
         Punch             ||     1
  Throw: Dart              ||     4
   Stab: Sleeping          ||     2
 Armour: Robe              ||    25
  Dodge: Dodged            ||    44
